 Dungeon Crawl Stone Soup version 0.32-a0-928-g1cae6b7ea0 (webtiles) character file.

Game seed: 10923073403612651280

111 bronco the Chopper (level 4, -1/39 HPs)
             Began as a Minotaur Berserker on Apr 12, 2024.
             Was a Believer of Trog.
             Slain by an orc wizard
             ... wielding a +0 dagger
              (4 damage)
             ... on level 2 of the Dungeon.
             The game lasted 00:02:56 (1833 turns).

bronco the Chopper (Minotaur Berserker)             Turns: 1833, Time: 00:02:57

Health: -1/39      AC:  2    Str: 23    XL:     4   Next: 62%
Magic:  3/3        EV: 11    Int:  4    God:    Trog [**....]
Gold:   42         SH:  0    Dex: 10    Spells: 3/3 levels left

rFire   + . .        f - +0 broad axe
rCold   + . .        (no shield)
rNeg    . . .        h - +0 robe {rC+ rF+}
rPois   .            (helmet restricted)
rElec   .            (no cloak)
rCorr   .            (no gloves)
SInv    .            (no boots)
Will    .....        (no amulet)
Stlth   +            (no ring)
HPRegen 0.26/turn    (no ring)
MPRegen 0.08/turn

%: no passive effects
@: no status effects
A: horns 2, retaliatory headbutt
a: Renounce Religion, Berserk, Trog's Hand


You were on level 2 of the Dungeon.
You worshipped Trog.
Trog was pleased with you.
You visited 1 branch of the dungeon, and saw 3 of its levels.

You collected 42 gold pieces.

Inventory:

Hand Weapons
 a - a +0 hand axe
 f - a +0 broad axe (weapon)
Missiles
 c - 31 stones (quivered)
Armour
 b - a +0 animal skin
 h - a +0 robe of resistance (worn)
Wands
 k - a wand of flame (17)
Scrolls
 i - a scroll of fog {unknown}
 j - a scroll of poison {unknown}
 m - a scroll of vulnerability {unknown}
Potions
 d - a potion of magic {unknown}
 e - 2 potions of degeneration {unknown}
 g - a potion of resistance {unknown}
 l - a potion of curing {unknown}


   Skills:
 - Level 3.6 Fighting
 + Level 6.6 Axes
 - Level 2.4 Armour
 - Level 2.1 Dodging


You had 3 spell levels left.
You didn't know any spells.
Your spell library contained the following spells:

 Spells                   Type           Power      Damage    Failure   Level
 Apportation              Tloc           0%         N/A       50%         1
 Necrotise                Necr           0%         1d4       50%         1
 Sting                    Conj/Alch      0%         1d3       50%         1
 Summon Small Mammal      Summ           0%         N/A       50%         1
 Cigotuvi's Dreadful Rot  Necr/Alch/Air  0%         N/A       65%         2
 Jinxbite                 Hex            0%         N/A       65%         2
 Ignite Poison            Fire/Alch      0%         N/A       99%         4
 Alistair's Intoxication  Alch           0%         N/A       100%        5
 Freezing Cloud           Conj/Ice/Air   0%         6-21      100%        5


Dungeon Overview and Level Annotations

Branches:
Dungeon (3/15)

Altars:

Shops:
D:1 :


Innate Abilities, Weirdness & Mutations

You have a pair of horns on your head.
You reflexively headbutt those who attack you in melee.


Message History

You hear some strange, mumbled words.
You are confused.
You bump into the rock wall.
You hear some strange, mumbled words.
A magic dart appears from out of thin air!
The magic dart hits you!
You completely miss something. Your headbutt misses something.
Something hits you. x2
You bump into the rock wall.
You hear some strange, mumbled words.
You are more confused.
You're too confused to attack without stumbling around!
You're too confused to attack without stumbling around!
You're too confused to attack without stumbling around!
You're too confused to attack without stumbling around!
You're too confused to attack without stumbling around!
Okay, then.
You bump into the rock wall.
Something hits you but does no damage.
You bump into the rock wall.
Something hits you.
You completely miss something.
You hear some strange, mumbled words.
A magic dart appears from out of thin air!
The magic dart hits you!
* * * LOW HITPOINT WARNING * * *
You hear some strange, mumbled words.
A puff of flame appears from out of thin air!
The puff of flame hits you. You resist.
* * * LOW HITPOINT WARNING * * *
Things that are here:
a +0 club; a stone You bump into the rock wall.
Something hits you but does no damage.
You bump into the rock wall.
Something hits you but does no damage.
You bump into the rock wall.
Something hits you.
* * * LOW HITPOINT WARNING * * *
You completely miss something. Something hits you.
* * * LOW HITPOINT WARNING * * *
You closely miss something.
You feel less confused. Something hits you.
You die...

.........'..# #...........#
.........#..#######......####
.........##....# #.....##
.........##.##.## #)....#
.........##.##..###.....#
......#####.###.##.)...##
##'#### #.# #..#.##### ...#
#.# ##.#.# #### #.####@).#
####### #....{>### ......#
######## #####.# #.# #.# #.#
#.# #.#


There were no monsters in sight!

Vanquished Creatures
  Jessica (D:2)
  3 adders
  2 dart slugs
  3 orcs (D:2)
  3 bats
  5 endoplasms
  3 giant cockroaches
  8 goblins
  5 hobgoblins
  2 quokkas (D:1)
  A frilled lizard (D:1)
  9 kobolds
45 creatures vanquished.

Notes
Turn   | Place    | Note
-------+----------+-------------------------------------------
     0 | D:1      | bronco the Minotaur Berserker began the quest for the Orb.
     0 | D:1      | Reached XP level 1. HP: 19/19 MP: 0/0
    12 | D:1      | Found Cimahav's Book Shoppe.
    26 | D:1      | Reached skill level 4 in Axes
   140 | D:1      | Reached XP level 2. HP: 22/26 MP: 1/1
   446 | D:1      | Reached skill level 5 in Axes
   753 | D:1      | Reached XP level 3. HP: 31/31 MP: 2/2
   913 | D:2      | Noticed Jessica
   917 | D:2      | Killed Jessica
   918 | D:2      | Reached skill level 6 in Axes
   918 | D:2      | Reached XP level 4. HP: 35/39 MP: 3/3
   944 | D:2      | Reached ** piety under Trog
  1833 | D:2      | Slain by an orc wizard

Illustrated notes

Levels and vault maps discovered:
D:1:      minmay_arrival_open_corners, layout_loops_ring, serial_shops, shop
D:2:      layout_basic, dreamdust_mushroom_princess, uniq_jessica
D:3:      layout_basic, hellmonk_ecumenical_altar_crossroads,
          minmay_misc_feat_hallway, hex_large, hangedman_decor_push,
          nicolae_wormholes

Skill      XL: |  1  2  3 |
---------------+----------+-----
Axes           | 4 5 6 |  6.6
Fighting       | |  3.6
Armour         | |  2.4
Dodging        | |  2.1

Action                     |  1- 3 |  4- 6 || total
---------------------------+-------+-------++-------
  Melee: Hand axe          |    20 |       ||    20
         Broad axe         |    34 |    29 ||    63
         Headbutt          |     4 |     4 ||     8
  Throw: Stone             |     5 |       ||     5
 Armour: Animal skin       |    31 |       ||    31
         Robe              |     1 |    28 ||    29
  Dodge: Dodged            |    44 |    14 ||    58

Table legend: (Time is in decaauts)
 A = Elapsed time spent in this place.
 B = Non-inter-level travel time spent in this place.
 C = Inter-level travel time spent in this place.
 D = Time resting spent in this place.
 E = Time spent auto-exploring this place.
 F = Levels seen in this place.
 G = Mean time per level.
                   A        B        C        D        E       F      G
               +--------+--------+--------+--------+--------+-----+--------+
         Total |   1858 |   1679 |    179 |     14 |   1355 |   3 |  619.3 |
       Dungeon |   1858 |   1679 |    179 |     14 |   1355 |   3 |  619.3 |
               +--------+--------+--------+--------+--------+-----+--------+

Top non-repeatable levels by time:
     D:2: 1038 daAuts
     D:1: 812 daAuts
     D:3: 8 daAuts
